 Dungeon Crawl Stone Soup version 0.31-a0-1074-g0b22e4e0f1 (webtiles) character file.

Game seed: 8815214613242199529

1369 Jeffwins the Changeling (level 8, 0/54 HPs)
             Began as a Merfolk Shapeshifter on Nov 27, 2023.
             Was a Believer of Okawaru.
             Slain by Jeremiah
             ... wielding a +4 trident of draining
              (7 damage)
             ... on level 7 of the Dungeon.
             The game lasted 00:09:58 (5099 turns).

Jeffwins the Changeling (Merfolk Shapeshifter)      Turns: 5099, Time: 00:09:59

Health: 0/54       AC:  2    Str: 15    XL:     8   Next: 65%
Magic:  11/11      EV: 17    Int: 11    God:    Okawaru [**....]
Gold:   146        SH:  5    Dex: 13    Spells: 7/7 levels left

rFire   + . .        a - +0 orcbow
rCold   . . .        (shield currently unavailable)
rNeg    . . .        E - +0 animal skin
rPois   .            (helmet currently unavailable)
rElec   .            (cloak currently unavailable)
rCorr   .            (gloves currently unavailable)
SInv    .            (boots currently unavailable)
Will    .....        p - amulet of reflection
Stlth   ++           F - ring of protection from fire
HPRegen 0.29/turn    e - +5 ring of evasion
MPRegen 0.12/turn

%: reflection
@: beast-form
A: beast (slay +4), (nimble swimmer 2), mertail
a: Begin Untransformation, Renounce Religion, Heroism


You were on level 7 of the Dungeon.
You worshipped Okawaru.
Okawaru was pleased with you.
You were a hulking beast.
You visited 1 branch of the dungeon, and saw 7 of its levels.

You collected 348 gold pieces.
You spent 202 gold pieces at shops.


Innate Abilities, Weirdness & Mutations

You are a hulking beast.
Your limbs bulge with bestial killing power. (Slay +4)
((You are very nimble when in or above water. (Stealth+, EV+, Speed+++)))
Your lower body shifts to a powerful aquatic tail in water.


   Skills:
 - Level 1.1 Fighting
 * Level 6.1 Ranged Weapons
 - Level 2.6 Dodging
 + Level 2.8 Stealth
 - Level 3.2 Unarmed Combat
 + Level 4.8 Invocations
 - Level 7.0 Shapeshifting


You had 7 spell levels left.
You didn't know any spells.
Your spell library contained the following spells:

 Spells                   Type           Power      Damage    Failure   Level
 Static Discharge         Conj/Air       0%         3-3/arc   47%         2
 Airstrike                Air            0%         2d(0-16)  98%         4
 Vhi's Electric Charge    Tloc/Air       0%         N/A       98%         4
 Arcjolt                  Conj/Air       0%         1d10      100%        5
 Maxwell's Capacitive Co  Air            0%         ∞         100%        8
 Summon Lightning Spire   Summ/Air       Unusable   N/A       N/A         4

Inventory:

Hand Weapons
 a - a +0 orcbow (weapon)
 i - a +0 dagger of venom
 n - a +0 sling
 t - a +1 whip of venom
 G - a +0 arbalest
 M - a +2 dagger of venom
Missiles
 N - 5 poisoned darts
Armour
 m - an orb of light
 E - a +0 animal skin (worn)
Magical Staves
 l - a staff of earth
Jewellery
 e - a +5 ring of evasion (right hand)
 p - an amulet of reflection (around neck)
 C - a ring of ice
 F - a ring of protection from fire (left hand)
 L - an amulet of the acrobat
Talismans
 c - a beast talisman
 d - a flux talisman
Scrolls
 g - 5 scrolls of identify {unknown}
 j - 2 scrolls of fog {unknown}
 k - a scroll of noise {unknown}
 o - 5 scrolls of vulnerability {unknown}
 r - 2 scrolls of enchant armour {unknown}
 s - 2 scrolls of amnesia {unknown}
 u - 3 scrolls of fear
 v - a scroll of silence {unknown}
 w - 2 scrolls of enchant weapon {unknown}
 x - a scroll of summoning {unknown}
 y - a scroll of teleportation {unknown}
 A - 2 scrolls of revelation {unknown}
 I - a scroll of brand weapon {unknown}
 J - 2 scrolls of poison {unknown}
Potions
 b - a potion of lignification {!q}
 f - a potion of degeneration {unknown}
 h - 2 potions of enlightenment {unknown}
 q - 3 potions of heal wounds {unknown}
 z - a potion of berserk rage {!q}
 B - a potion of brilliance {unknown}
 D - a potion of cancellation {unknown}
 H - a potion of haste {unknown}
 K - a potion of attraction {unknown}

Dungeon Overview and Level Annotations

Branches:
Dungeon (7/15)
 Temple: D:4-7

Altars:
Dithmenos
Okawaru
Uskayaw
Yredelemnul

Shops:
D:1 ?   D:4 *?*[

Annotations:
D:3 1 runed translucent door, pigah's ghost, amateur OpSh
D:7 Jeremiah ##### ## #...# ..# ##bh###..# #..bbFbb#

#..#####b.....
#...# .....
#..## .... ..
b.. # .. .


You could see Jeremiah.


Message History

Press: ? - help, Q - select action, (/) - cycle Shift-Dir - straight line, f/p - Jeremiah
Aim: Jeremiah, wielding a +4 trident of draining, wearing a +0 robe and wearing an orb of guile (severely wounded, 51% to hit)
You shoot an arrow. The arrow hits the butterfly!
You kill the butterfly!
The butterfly disappears in a burst of colours!
Jeremiah hops!
Fire: a) +0 orcbow
Press: ? - help, Q - select action, (/) - cycle Shift-Dir - straight line, f/p - Jeremiah
Aim: Jeremiah, wielding a +4 trident of draining, wearing a +0 robe and wearing an orb of guile (severely wounded, 51% to hit)
You shoot an arrow.
The arrow hits Jeremiah but does no damage.
Jeremiah is severely wounded.
Jeremiah hops!
Fire: a) +0 orcbow
Press: ? - help, Q - select action, (/) - cycle Shift-Dir - straight line, f/p - Jeremiah
Aim: Jeremiah, wielding a +4 trident of draining, wearing a +0 robe and wearing an orb of guile (severely wounded, 51% to hit)
You shoot an arrow. The arrow hits Jeremiah.
Jeremiah is almost dead.
Jeremiah shouts, "O dreadful one, destroy my foe!"
Something smites you!
* * * LOW HITPOINT WARNING * * *
Fire: a) +0 orcbow
Press: ? - help, Q - select action, (/) - cycle Shift-Dir - straight line, f/p - Jeremiah
Aim: Jeremiah, wielding a +4 trident of draining, wearing a +0 robe and wearing an orb of guile (almost dead, 51% to hit)
You shoot an arrow. The arrow misses the butterfly.
The arrow hits Jeremiah.
Jeremiah is almost dead.
Jeremiah misses you. You block Jeremiah's attack.
Jeremiah hits you from afar with a +4 trident of draining!
You die...
Jeremiah asks, "What happened?
Did... did you die?"

Skill      XL: |  1  2  3  4  5  6  7  8 |
---------------+-------------------------+-----
Ranged Weapons | 1 3 4 5 6 |  6.1
Shapeshifting  | 5 6 7 |  7.0
Invocations    | 1 2 3 4 |  4.8
Stealth        | 2 |  2.8
Fighting       | |  1.1
Dodging        | |  2.6
Unarmed Combat | |  3.2

Action                     |  1- 3 |  4- 6 |  7- 9 || total
---------------------------+-------+-------+-------++-------
  Melee: Unarmed           |    27 |       |     8 ||    35
   Fire: Sling             |    87 |    43 |       ||   130
         Orcbow            |       |    73 |   180 ||   253
    Use: Scroll            |       |     1 |       ||     1
         Potion            |       |       |     1 ||     1
 Armour: Animal skin       |    31 |    29 |    29 ||    89
  Dodge: Dodged            |    47 |    42 |    44 ||   133
  Block: Other             |     3 |    19 |    18 ||    40
         Reflection        |       |       |     1 ||     1

Levels and vault maps discovered:
D:1:      dpeg_arrival_tiny_f, layout_loops_ring, serial_shops, shop,
          st_stairs_2, minmay_pentomino_z2
D:2:      layout_loops_corners, shapermc_ecumenical_altar_venn
D:3:      cheibrodos_helix_gallery, layout_loops_ring,
          okawaru_ov_weapons_minmay, gammafunk_ghost_grave,
          kennysheep_generic_room_3
D:4:      layout_basic, minmay_shop_grid_forest
D:5:      layout_basic, grunt_temple_overflow_open
D:6:      layout_cave_pools, nicolae_uskayaw_dance_studio,
          nicolae_underground_beach, uniq_grinder
D:7:      layout_cave_pods, mainiacjoe_overflow_chevrons,
          nicolae_ru_awakened_eye, makhleb_grotto_becter,
          minmay_temple_entry_fiery, uniq_jeremiah

Notes
Turn   | Place    | Note
-------+----------+-------------------------------------------
     0 | D:1      | Jeffwins the Merfolk Shapeshifter began the quest for the
                  | Orb.
     0 | D:1      | Reached XP level 1. HP: 15/15 MP: 1/1
    46 | D:1      | Found Ziapt's Magic Scroll Shoppe.
    69 | D:1      | Reached XP level 2. HP: 21/21 MP: 2/2
   313 | D:1      | Reached XP level 3. HP: 26/26 MP: 3/3
   325 | D:1      | Reached skill level 1 in Ranged Weapons
   365 | D:1      | Reached skill level 5 in Shapeshifting
   939 | D:2      | Found a faded altar of an unknown god.
  1457 | D:2      | Reached XP level 4. HP: 32/32 MP: 4/4
  1561 | D:2      | Reached skill level 2 in Ranged Weapons
  1954 | D:3      | Found a runed translucent door.
  1955 | D:3      | Noticed pigah's ghost (amateur OpSh)
  1969 | D:3      | Noticed an ogre
  2116 | D:3      | Found an iron altar of Okawaru.
  2125 | D:3      | Became a worshipper of Warmaster Okawaru
  2347 | D:3      | Killed an ogre
  2348 | D:3      | Reached skill level 3 in Ranged Weapons
  2348 | D:3      | Reached skill level 1 in Invocations
  2348 | D:3      | Reached XP level 5. HP: 19/37 MP: 5/5
  2610 | D:4      | Noticed a steam dragon
  2624 | D:3      | Killed a steam dragon
  2625 | D:3      | Reached skill level 2 in Invocations
  2625 | D:3      | Reached skill level 6 in Shapeshifting
  2625 | D:3      | Reached XP level 6. HP: 25/43 MP: 7/7
  3035 | D:4      | Reached * piety under Okawaru
  3115 | D:4      | Found Oxaiqic's Assorted Antiques.
  3117 | D:4      | Found Monodgh's Armour Shop.
  3118 | D:4      | Found Daduufurph's Magic Scroll Shop.
  3123 | D:4      | Found Baeheah's Assorted Antiques.
  3133 | D:4      | Bought a purple potion for 23 gold pieces
  3133 | D:4      | Bought a scroll labelled ASAUKHLE QOJEIZ for 26 gold pieces
  3133 | D:4      | Bought a fuming emerald potion for 23 gold pieces
  3133 | D:4      | Bought a scroll labelled HOSTRAA NETIDY for 26 gold pieces
  3133 | D:4      | Bought a scroll labelled WIMEBRA YXUOGG for 26 gold pieces
  3138 | D:4      | Bought a fuming emerald potion for 26 gold pieces
  3138 | D:4      | Bought a green potion for 26 gold pieces
  3138 | D:4      | Bought a pink potion for 26 gold pieces
  3272 | D:5      | Entered Level 5 of the Dungeon
  3273 | D:5      | Found a basalt altar of Yredelemnul.
  3286 | D:5      | Reached skill level 4 in Ranged Weapons
  3286 | D:5      | Reached XP level 7. HP: 44/48 MP: 8/8
  3361 | D:5      | Found a shadowy altar of Dithmenos.
  3648 | D:5      | Reached skill level 3 in Invocations
  4335 | D:6      | Reached ** piety under Okawaru
  4379 | D:6      | Reached skill level 5 in Ranged Weapons
  4379 | D:6      | Reached skill level 7 in Shapeshifting
  4379 | D:6      | Reached XP level 8. HP: 54/54 MP: 10/10
  4462 | D:6      | Reached skill level 4 in Invocations
  4591 | D:6      | Reached skill level 1 in Stealth
  4697 | D:6      | Noticed Grinder
  4712 | D:6      | Paralysed by Grinder for 2 turns
  4719 | D:6      | Killed Grinder
  4720 | D:6      | Reached skill level 2 in Stealth
  4817 | D:6      | Found a hide-covered altar of Uskayaw.
  4831 | D:6      | Reached skill level 6 in Ranged Weapons
  5062 | D:7      | Noticed Jeremiah
  5099 | D:7      | Slain by Jeremiah

Vanquished Creatures
  Grinder (D:6)
  A steam dragon (D:3)
  A black bear (D:6)
  3 ogres
  A kobold brigand (D:6)
  A bullfrog (D:6)
  A scorpion (D:4)
  A howler monkey (D:5)
  3 hounds
  2 orc priests (D:5)
  A jelly (D:6)
  3 sleepcaps (D:6)
  3 iguanas
  4 adders
  A shadow imp (D:5)
  A white imp (D:5)
  3 dart slugs (D:1)
  11 orcs
  7 ball pythons
  7 bats
  6 endoplasms
  6 giant cockroaches
  9 goblins
  2 hobgoblins
  5 jackals
  6 kobolds
  4 quokkas
  7 frilled lizards
  6 rats
107 creatures vanquished.

Table legend: (Time is in decaauts)
 A = Elapsed time spent in this place.
 B = Non-inter-level travel time spent in this place.
 C = Inter-level travel time spent in this place.
 D = Time resting spent in this place.
 E = Time spent auto-exploring this place.
 F = Levels seen in this place.
 G = Mean time per level.
                   A        B        C        D        E       F      G
               +--------+--------+--------+--------+--------+-----+--------+
         Total |   5216 |   4923 |    293 |    236 |   3768 |   7 |  745.1 |
       Dungeon |   5216 |   4923 |    293 |    236 |   3768 |   7 |  745.1 |
               +--------+--------+--------+--------+--------+-----+--------+

Top non-repeatable levels by time:
     D:2: 958 daAuts
     D:5: 905 daAuts
     D:1: 901 daAuts
     D:3: 892 daAuts
     D:6: 795 daAuts
     D:4: 718 daAuts
     D:7: 45 daAuts

Table legend:
 A = Non-vault XP
 B = Vault XP
 C = Vault XP percentage of total XP
 D = Non-vault monster count
 E = Vault monster count
 F = Vault count percentage of total count
                 A         B        C        D         E       F
            +---------+---------+-------+---------+---------+-------
      Total |    1581 |     376 |  19.2 |      97 |      10 |   9.3
            +---------+---------+-------+---------+---------+-------
        D:1 |      53 |       6 |  10.2 |      28 |       4 |  12.5
        D:2 |      41 |       0 |   0.0 |      17 |       0 |   0.0
        D:3 |     366 |       5 |   1.3 |      20 |       2 |   9.1
        D:4 |     128 |       0 |   0.0 |       7 |       0 |   0.0
        D:5 |     368 |       0 |   0.0 |      10 |       0 |   0.0
        D:6 |     625 |     365 |  36.9 |      15 |       4 |  21.1
            +---------+---------+-------+---------+---------+-------
